 Dungeon Crawl Stone Soup version 0.17-a0-18-gc25b939 (webtiles) character file.

42 Chiseanne the Ogre Mage (level 3, -3/33 HPs)
             Began as an Ogre Enchanter on Mar 11, 2015.
             Slain by a worm (4 damage)
             ... on level 2 of the Dungeon.
             The game lasted 00:05:03 (2572 turns).

Chiseanne the Ogre Mage (Ogre Enchanter)            Turns: 2572, Time: 00:05:03

Health: -3/33      AC:  4    Str: 13    XL:     3   Next: 56%
Magic:  2/6        EV: 10    Int: 14    God:
Gold:   76         SH:  0    Dex: 11    Spells: 2 memorised, 4 levels left

rFire  . . .     SeeInvis .     g - +0 club
rCold  . . .     Clarity  .     b - +1 robe
rNeg   . . .     SustAb   .     (shield restricted)
rPois  .         Gourm    .     (helmet restricted)
rElec  .         Spirit   .     (no cloak)
rCorr  .         Warding  .     (gloves unavailable)
rMut   .         Stasis   .     (boots unavailable)
MR     .....                    (no amulet)
Stlth  ++........               (no ring)
                                e - ring of teleport control

@: very slightly contaminated, not resistant to hostile enchantments, unstealthy
A: unfitting armour, tough skin 1
a: Evoke Teleport Control


You were on level 2 of the Dungeon.
You were hungry.

You visited 1 branch of the dungeon, and saw 2 of its levels.

You collected 76 gold pieces.

Inventory:

Hand weapons
 a - a +1 dagger
 g - a +0 club (weapon)
Missiles
 i - 15 arrows of dispersal
 q - 26 arrows
Armour
 b - a +1 robe (worn)
Jewellery
 e - a ring of teleport control (left hand)
Potions
 h - 2 potions of haste
 l - a potion of lignification
 n - 3 potions of magic
 p - a potion of agility {unknown}
 s - a potion of curing {unknown}
Books
 c - a book of Maledictions

   Spells                             Type                      Level
   a - Corona                         Hexes                        1
   b - Sure Blade                     Hexes/Charms                 2
   c - Ensorcelled Hibernation        Hexes/Ice                    2
   d - Confuse                        Hexes                        3
   e - Dazzling Spray                 Conjuration/Hexes            3
   f - Enslavement                    Hexes                        4
Comestibles
 d - 2 meat rations
 f - a bread ration
 m - a slice of pizza


   Skills:
 * Level 1.3 Fighting
 - Level 0.5 Short Blades
 * Level 0.6 Maces & Flails
 * Level 0.9 Throwing
 * Level 2.0 Dodging
 - Level 2.4 Stealth
 * Level 2.8 Spellcasting
 * Level 2.6 Hexes


You had 4 spell levels left.
You knew the following spells:

 Your Spells              Type           Power        Failure   Level  Hunger
a - Corona                Hex            #......      10%         1    #......
b - Ensorcelled Hibernat  Hex/Ice        #.....       21%         2    ##.....


Dungeon Overview and Level Annotations

Branches:
Dungeon (2/15)

Altars:


Innate Abilities, Weirdness & Mutations

You are too large for most types of armour.
You have tough skin (AC +1).


Message History

The worm is severely wounded.
The rat bites you. The worm bites you! The rat misses you.
You completely miss the worm.
The worm is severely wounded.
The rat bites you but does no damage. The worm barely misses you.
You hit the worm.
The worm is severely wounded.
The rat completely misses you.
You hit the worm.
The worm is almost dead.
The rat barely misses you. The worm bites you.
The rat bites you but does no damage.
You hit the worm but do no damage.
The worm is almost dead.
The rat barely misses you. The worm bites you!
* * * LOW HITPOINT WARNING * * *
You hit the worm.
The worm is almost dead.
The rat bites you but does no damage. The worm bites you.
You die...

#.... #.#.. ## ##..
#.... #..#.. ..##
#..# ##.##
##.[####....##.## #.
#.##...##.....#
####.##...#####..#
#.....#...# #...
#...#.#...# #...
##.r.......# #.#.
#.@..#..#.######...
#w...##..........##
#..######.#.........
...######.......#+#+#
..... ...#....##.#
##### #.#..#....#
##.........#
#..........#
####..#.†####.....


You could see a worm and a rat.

Vanquished Creatures
  An adder (D:2)
  2 ball pythons (D:1)
  2 giant cockroaches
  3 goblins (D:1)
  7 hobgoblins
  4 kobolds (D:1)
  3 bats
  2 giant newts
  7 rats (D:1)
31 creatures vanquished.

Notes
Turn   | Place    | Note
--------------------------------------------------------------
     0 | D:1      | Chiseanne, the Ogre Enchanter, began the quest for the Orb.
     0 | D:1      | Reached XP level 1. HP: 16/16 MP: 3/3
   417 | D:1      | Reached skill level 1 in Fighting
   470 | D:1      | Reached XP level 2. HP: 21/27 MP: 3/5
   663 | D:1      | Learned a level 2 spell: Ensorcelled Hibernation
  1446 | D:1      | Reached XP level 3. HP: 18/33 MP: 4/6
  2571 | D:2      | HP: 1/33 [worm (9)]
  2572 | D:2      | Slain by a worm

Action                   || total
-------------------------++-------
Melee: Club              ||   148
       Dagger            ||    11
 Cast: Corona            ||    42
       Ensorcelled Hiber ||     8
  Use: Scroll            ||     5
 Stab: Sleeping          ||     4
  Eat: Chunk             ||     6
